 Dungeon Crawl Stone Soup version 0.20.1-1-g8b1a95d (webtiles) character file.

149 Tr0llz0r the Skirmisher (level 5, -9/42 HPs)
             Began as a Demonspawn Abyssal Knight on Aug 23, 2017.
             Was a Believer of Lugonu.
             Mangled by an ogre
             ... wielding a +0 giant club
              (18 damage)
             ... on level 4 of the Dungeon.
             The game lasted 00:27:14 (4001 turns).

Tr0llz0r the Skirmisher (Demonspawn Abyssal Knight) Turns: 4001, Time: 00:27:15

Health: -9/42      AC:  9    Str: 12    XL:     5   Next: 9%
Magic:  7/7        EV:  6    Int: 15    God:    Lugonu [**....]
Gold:   140        SH:  0    Dex: 14    Spells: 4/4 levels left

rFire    . . .     SeeInvis .   a - +1 hand axe
rCold    . . .     Gourm    .   (no shield)
rNeg     . . .     Faith    .   n - +0 chain mail
rPois    .         Spirit   .   (helmet restricted)
rElec    .         Reflect  .   (no cloak)
rCorr    .         Harm     .   (no gloves)
MR       .....                  (no boots)
Stlth    ..........             (no amulet)
Regen    0.2/turn               (no ring)
MPRegen  0.1/turn               (no ring)

@: no status effects
A: horns 1, thin skeletal structure 1, nightstalker 1, powered by pain 1
a: Depart the Abyss, Bend Space, Renounce Religion


You were on level 4 of the Dungeon.
You worshipped Lugonu.
Lugonu was pleased with you.
You were not hungry.

You visited 1 branch of the dungeon, and saw 4 of its levels.
You visited the Abyss 1 time.

You collected 140 gold pieces.

Inventory:

Hand Weapons
 a - a +1 hand axe (weapon)
 c - a +0 hand axe
 j - a +0 dagger
 p - a cursed -3 hunting sling
Missiles
 b - 46 poisoned needles
 d - 33 arrows
 e - 98 stones (quivered)
 f - a throwing net
 q - 17 bolts
Armour
 n - a +0 chain mail (worn)
Scrolls
 h - a scroll of teleportation
 l - a scroll of remove curse
 o - a scroll of blinking
 s - a scroll of recharging {unknown}
Potions
 g - 2 potions of mutation {unknown}
 m - a potion of curing
 r - a potion of flight {unknown}
 u - a potion of haste
Books
 t - a book of Necromancy

   Spells                             Type                      Level
   a - Pain                           Necromancy                   1
   b - Animate Skeleton               Necromancy                   1
   c - Vampiric Draining              Necromancy                   3
   d - Regeneration                   Charms/Necromancy            3
   e - Animate Dead                   Necromancy                   4
   f - Control Undead                 Necromancy                   4
Comestibles
 i - 2 bread rations
 k - a royal jelly


   Skills:
 + Level 3.8 Fighting
 + Level 3.1 Axes
 + Level 3.0 Armour
 + Level 1.4 Dodging
 + Level 0.2 Stealth
 + Level 2.7 Invocations


You had 4 spell levels left.
You didn't know any spells.

Dungeon Overview and Level Annotations

Branches:
Dungeon (4/15)
 Temple: D:4-7

Altars:
The Shining One


Innate Abilities, Weirdness & Mutations

You have a pair of small horns on your head.
You have a somewhat thin skeletal structure. (Dex +2, Stealth)
You are slightly more attuned to the shadows.
You sometimes gain a little power by taking damage.


Message History

You slash the ogre!
The ogre is moderately wounded.
You hit the giant cockroach.
The giant cockroach bites you but does no damage.
The ogre hits you with a giant club!
You hit the ogre.
The ogre is heavily wounded.
You hit the giant cockroach.
You kill the giant cockroach!
Lugonu accepts your kill.
Your Armour skill increases to level 3!
A water moccasin skeleton comes into view.
You hit the ogre but do no damage. Your headbutt misses the ogre.
The ogre is heavily wounded.
The ogre hits you with a giant club!
* * * LOW HITPOINT WARNING * * *
Your chain mail prevents you from hitting the ogre.
The ogre is heavily wounded.
The ogre hits you with a giant club!!
You die...

.... ###....## ...
##..... # #..... .####
#..... #..#.# ##.....
#...?.#### ###......
.........######.....###
#.................## #
##...@...........##
#.....O............#
###................#
#..................#
#.....Z.....#####..#
##.........## #..#
.........## #..
.........# .. .........


You could see an ogre and a water moccasin skeleton.

Vanquished Creatures
  Robin (D:3)
  4 adders
  An ooze (D:3)
  4 worms
  A dart slug (D:3)
  A leopard gecko (D:2)
  6 orcs (D:3)
  3 ball pythons
  2 giant cockroaches
  13 goblins
  5 hobgoblins
  7 jackals
  A quokka (D:2)
  A ball python skeleton (D:4)
  11 bats
  2 frilled lizards (D:1)
  4 kobolds
  7 rats
74 creatures vanquished.

Notes
Turn   | Place    | Note
-------+----------+-------------------------------------------
     0 | Abyss:1  | Tr0llz0r the Demonspawn Abyssal Knight began the quest for the Orb.
     0 | Abyss:1  | Reached XP level 1. HP: 18/18 MP: 2/2
    42 | Abyss:1  | Noticed a quasit
    48 | D:1      | Escaped the Abyss
   593 | D:1      | Reached * piety under Lugonu
   593 | D:1      | Gained mutation: You are slightly more attuned to the shadows. [demonic ancestry]
   593 | D:1      | Reached XP level 2. HP: 24/24 MP: 3/3
  1132 | D:2      | Reached skill level 1 in Dodging
  1259 | D:2      | Found a glowing golden altar of the Shining One.
  1265 | D:2      | Gained mutation: You have a somewhat thin skeletal structure. (Dex +2, Stealth) [demonic ancestry]
  1265 | D:2      | Reached XP level 3. HP: 9/29 MP: 5/5
  2663 | D:3      | Gained mutation: You sometimes gain a little power by taking damage. [demonic ancestry]
  2663 | D:3      | Reached XP level 4. HP: 28/36 MP: 6/6
  2713 | D:3      | Reached ** piety under Lugonu
  2971 | D:3      | Noticed Robin
  2983 | D:3      | Killed Robin
  3972 | D:4      | Gained mutation: You have a pair of small horns on your head. [demonic ancestry]
  3972 | D:4      | Reached XP level 5. HP: 42/42 MP: 7/7
  3989 | D:4      | Noticed an ogre
  4001 | D:4      | Mangled by an ogre

Skill      XL: |  1  2  3  4  5 |
---------------+----------------+-----
Axes           | 2 3 |  3.1
Dodging        | 1 |  1.4
Armour         | 2 3 |  3.0
Fighting       | |  3.8
Stealth        | |  0.2
Invocations    | |  2.7

Action                   |  1- 3 |  4- 6 || total
-------------------------+-------+-------++-------
Melee: Hand axe          |   147 |   123 ||   270
       Headbutt          |       |     2 ||     2
Invok: Depart the Abyss  |     1 |       ||     1
  Use: Potion            |     5 |       ||     5
       Scroll            |     5 |       ||     5
 Stab: Sleeping          |     1 |       ||     1
  Eat: Bread ration      |     2 |     1 ||     3
Armor: Leather armour    |    18 |       ||    18
       Ring mail         |    65 |       ||    65
       Chain mail        |    69 |    97 ||   166
Dodge: Dodged            |   126 |    54 ||   180
